AoeStats
← Hawk9710

Arena

510312177Analyzed
2v2 RM · 2d ago on Sep 30, 2026· 46m 31s· 4 players
Game mode
Random Map
Map size
Medium (4 player)
Population
200
Speed
Normal
Resources
Standard
Victory
Conquest
Starting age
Dark Age
Ending age
Imperial Age
RankedLock teamsTeams togetherTeam positionsShared explorationLock speedFull tech treeHidden civsTurbo modeCheats
Victory
Defeat
🇦🇺 Saxons · Australia
1085
+17
🇦🇺 Vikings · Australia
1050
+18
🇨🇦 Varangians · Canada
1129
-18
🇭🇰 Saxons · Hong Kong SAR China
1082
-17
MagnumXL
10:26 Feudal Age
14:56 Castle Age
15:15 Wheelbarrow
14:49 Horse Collar
16:52 Double-Bit Axe
19:52 Bow Saw
27:55 Hand Cart
28:35 Bloodlines
28:26 Husbandry
27:47 Light Cavalry
28:43 Forging
28:38 Scale Barding Armor
28:28 Fletching
29:16 Loom
30:26 Iron Casting
29:47 Gold Mining
29:49 Stone Mining
33:06 Imperial Age
33:12 Hussar
33:35 Elite Jarl
35:46 Blast Furnace
35:07 Chain Barding Armor
35:15 Conscription
38:51 Cavalier
40:24 Gothikon
40:32 Vendel Legacy
43:24 Plate Barding Armor
HOMA
3:22 Loom
11:01 Feudal Age
15:33 Castle Age
14:40 Double-Bit Axe
14:37 Horse Collar
24:58 Wheelbarrow
24:30 Stone Mining
24:57 Gold Mining
25:37 Scale Mail Armor
30:19 Imperial Age
28:22 Gambesons
28:39 Squires
28:52 Forging
28:58 Chain Mail Armor
30:04 Hand Cart
30:30 Elite Varangian Guard
31:51 Fletching
32:21 Padded Archer Armor
32:27 Heavy Plow
32:51 Bodkin Arrow
33:42 Conscription
33:52 Elite Skirmisher
33:58 Heavy Mounted Crossbowman
35:00 Leather Archer Armor
34:51 Elite Skirmisher
Hawk9710
5:31 Loom
12:05 Feudal Age
12:46 Double-Bit Axe
17:17 Castle Age
15:29 Horse Collar
17:26 Stone Mining
17:28 Gold Mining
18:45 Bow Saw
21:34 Heavy Plow
23:20 Town Watch
31:20 Imperial Age
29:30 Chieftains
29:56 Forging
29:47 Scale Mail Armor
29:47 Padded Archer Armor
29:37 Fletching
31:13 Iron Casting
30:29 Fletching
31:13 Ballistics
30:50 Murder Holes
30:30 Man-at-Arms
31:11 Squires
30:57 Arson
31:59 Chain Mail Armor
31:07 Pikeman
33:08 Chemistry
33:51 Crop Rotation
34:24 Two-Man Saw
33:46 Leather Archer Armor
34:32 Blast Furnace
33:47 Masonry
33:10 Elite Skirmisher
33:16 Crossbowman
34:23 Bogsveigar
34:44 Conscription
34:08 Arbalester
35:05 Bodkin Arrow
35:41 Plate Mail Armor
36:19 Hoardings
36:07 Fortified Wall
36:43 Caravan
37:58 Siege Engineers
38:40 Ring Archer Armor
38:12 Bracer
FlankTank
10:48 Feudal Age
14:38 Castle Age
12:51 Double-Bit Axe
15:32 Bow Saw
17:04 Horse Collar
20:57 Wheelbarrow
21:00 Heavy Plow
24:37 Hand Cart
24:08 Loom
24:16 Gold Mining
24:17 Stone Mining
25:30 Fletching
25:40 Padded Archer Armor
25:41 Scale Mail Armor
26:37 Forging
29:41 Imperial Age
27:59 Town Watch
28:17 Squires
28:03 Gambesons
28:28 Scale Barding Armor
29:02 Bodkin Arrow
28:54 Man-at-Arms
29:53 Chain Mail Armor
29:39 Long Swordsman
31:41 Two-Man Saw
31:13 Crop Rotation
30:27 Crossbowman
31:12 Thumb Ring
30:37 Two-Handed Swordsman
31:03 Arson
31:54 Plate Mail Armor
31:25 Bracer
31:15 Arbalester
32:36 Iron Casting
32:48 Conscription
33:42 Hoardings
33:43 Gold Shaft Mining
33:44 Ballistics
34:26 Chemistry
33:19 Guard Tower
33:14 Arrowslits
33:39 Shield Wall
35:20 Champion
36:23 Leather Archer Armor
36:48 Masonry
36:34 Murder Holes
37:06 Elite Hearth Troop
39:00 Ring Archer Armor
42:33 Keep
42:09 Fortified Wall
42:04 Siege Engineers
42:30 Architecture
42:58 Coinage
44:55 Chain Barding Armor
Connection lost

Rejoining the realm…

Still unreachable

The connection could not be restored.

Session expired

The server has moved on; the page needs a fresh start.